 Dungeon Crawl Stone Soup version 0.29.0-15-g675c0067aa (webtiles) character file.

Game seed: 7257174533856700430

181412 qw the Severer (level 18, -3/116 HPs)
             Began as a Gargoyle Fighter on Sept 11, 2022.
             Was a High Priest of Okawaru.
             Shot with an arrow by a naga sharpshooter (15 damage)
             ... on level 4 of the Snake Pit.
             The game lasted 00:15:09 (37848 turns).

qw the Severer (Gargoyle Fighter)                  Turns: 37848, Time: 00:15:10

Health: -3/116     AC: 41    Str: 28    XL:     18   Next: 30%
Magic:  18/25      EV:  7    Int:  9    God:    Okawaru [*****.]
Gold:   291        SH: 22    Dex: 10    Spells: 17/17 levels left

rFire   + + .      SeeInvis +   m - +3 broad axe (freeze)
rCold   + + .      Faith    .   J - +0 tower shield
rNeg    + + .      Spirit   .   G - +4 plate armour of the Breadfruit {Rampage rPois SInv}
rPois   inf        Reflect  .   E - -2 hat of the Alchemist {rElec rPois rF+ rC+ rN+ Will+ rMut rCorr}
rElec   +          Harm     .   F - scarf {rC+ rF+}
rCorr   +          Rampage  +   e - +2 pair of gloves
rMut    +                       A - +2 pair of boots
Will    +++..                   o - amulet of Uniusk {Acrobat +Blink +Inv Dex-5 Slay+6}
Stlth   ..........              u - +6 ring of dexterity
HPRegen 0.29/turn               y - ring of willpower
MPRegen 0.19/turn

@: about to teleport, heroic, weakened, flying, constricted
A: sickness immunity, AC +13, big wings, negative energy resistance 1,
electricity resistance, torment resistance 1, petrification resistance
a: Renounce Religion, Evoke Blink, Evoke Invisibility, Heroism, Finesse, Duel


You were on level 4 of the Snake Pit.
You worshipped Okawaru.
Okawaru was extremely pleased with you.
You visited 6 branches of the dungeon, and saw 30 of its levels.
You also visited: Sewer.

You collected 2913 gold pieces.
You spent 2622 gold pieces at shops.


Innate Abilities, Weirdness & Mutations

You are immune to sickness and miasma.
Your stone body is resilient. (AC +13)
You are immune to poison.
Your large and strong wings let you fly.
You resist negative energy. (rN+)
You are resistant to electric shocks. (rElec)
You are resistant to unholy torment.
You are immune to petrification.


   Skills:
 - Level 14.0(19.0) Fighting
 - Level 18.0(23.0) Axes
 - Level 8.0(13.0) Throwing
 + Level 12.4(17.4) Armour
 - Level 4.0(9.0) Dodging
 - Level 18.0(23.0) Shields
 - Level 10.0 Invocations


You had 17 spell levels left.
You didn't know any spells.
Your spell library was empty.

Inventory:

Hand Weapons
 m - a +3 broad axe of freezing (weapon)
Missiles
 q - 21 boomerangs
 s - a silver javelin (quivered)
 H - a silver boomerang
Armour
 e - a +2 pair of gloves (worn)
 h - a +0 cloak
 l - the +2 acid dragon scales "Molus" {rCorr Str+2}
   (Okawaru gifted it to you on level 4 of the Lair of Beasts)

   Str:       It affects your strength (+2).
   rCorr:     It protects you from acid and corrosion.
 p - the +1 helmet of Xima {Rampage rC+ Int+4}
   (Okawaru gifted it to you on level 14 of the Dungeon)

   Int:       It affects your intelligence (+4).
   rC:        It protects you from cold.
   Rampage:   It bestows one free step when moving towards enemies.
 A - a +2 pair of boots (worn)
 E - the -2 hat of the Alchemist (worn) {rElec rPois rF+ rC+ rN+ Will+ rMut rCorr}
   (You found it on level 5 of the Lair of Beasts)

   rF:        It protects you from fire.
   rC:        It protects you from cold.
   rElec:     It insulates you from electricity.
   rPois:     It protects you from poison.
   rN:        It protects you from negative energy.
   rCorr:     It protects you from acid and corrosion.
   rMut:      It protects you from mutation.
   Will:      It increases your willpower.
 F - a scarf of resistance (worn)
 G - the +4 plate armour of the Breadfruit (worn) {Rampage rPois SInv}
   (You bought it in a shop on level 2 of the Orcish Mines)

   rPois:     It protects you from poison.
   SInv:      It lets you see invisible.
   Rampage:   It bestows one free step when moving towards enemies.
 J - a +0 tower shield (worn)
Jewellery
 c - a ring of see invisible
 o - the amulet of Uniusk (around neck) {Acrobat +Blink +Inv Dex-5 Slay+6}
   (You found it on level 2 of the Dungeon)

   [amulet of the acrobat]

   It increases your evasion while moving and waiting.
   Dex:       It affects your dexterity (-5).
   Slay:      It affects your accuracy & damage with ranged weapons and melee
   (+6).
   +Inv:      It lets you turn invisible.
   +Blink:    It lets you blink.
 u - a +6 ring of dexterity (left hand)
 y - a ring of willpower (right hand)
 I - a ring of protection from fire
 Y - a ring of positive energy
Wands
 k - a wand of digging (4)
Scrolls
 a - 5 scrolls of fog
 b - 20 scrolls of identify
 x - 5 scrolls of blinking
 z - a scroll of enchant armour
Potions
 d - 7 potions of might
 f - 3 potions of mutation
 g - 21 potions of curing
 i - 4 potions of attraction
 j - 8 potions of lignification
 n - 2 potions of magic
 r - 3 potions of resistance
 t - 5 potions of cancellation
 v - a potion of heal wounds
 B - 7 potions of haste

Dungeon Overview and Level Annotations

Branches:
Dungeon (15/15)            Temple (1/1) D:4            Lair (5/5) D:9
 Shoals (3/4) Lair:2        Snake (4/4) Lair:2        Slime (0/5) Lair:5
    Orc (2/2) D:10            Elf (0/3) Orc:2        Vaults (0/5) D:14
 Depths (0/4) D:15          Sewer (visited)

Altars:
Ashenzari
Cheibriados
Dithmenos
Elyvilon
Fedhas
Gozag
Hepliaklqana
Kikubaaqudgha
Makhleb
Nemelex Xobeh
Okawaru
Qazlal
Ru
Sif Muna
Trog
Uskayaw
Vehumet
Wu Jian
Xom
Yredelemnul
Zin
The Shining One
Jiyva

Shops:
D:4 =   D:9 (   D:14 *   Orc:2 ![*!   Shoals:3 =   Snake:1 :*(!(

Portals:
Trove: D:15 (give +2 storm dragon scales)

Annotations:
D:8 3 runed translucent doors, qw's ghost, weakling GrDe
Lair:5 3 runed translucent doors, qw's ghost, journeyman GrDe
Shoals:1 3 runed translucent doors, Amuaxidi's ghost, adept FoCK; Meoqees's ghost, adept MiFi; Woutahasch's ghost, journeyman HOFi
Snake:3 2 transporters, qw's ghost, adept TrCA


Message History

The arrow hits you but does no damage.
The naga mage hits you from afar with a +0 spear.
You hear a shout!
37847 ||| DRINKING 3 potions of heal wounds.
You feel much better. You block the nagaraja's attack.
You block the guardian serpent's attack.
The anaconda bites you but does no damage.
The anaconda constricts you. The guardian serpent barely misses you.
You block the naga mage's attack.
The naga sharpshooter spits poison at you.
The splash of poison hits you but does no damage.
You resist. The nagaraja closely misses you.
The naga sharpshooter gestures wildly while chanting.
The naga sharpshooter magically shoots an arrow.
The arrow hits you!!
The naga sharpshooter spits poison at you.
The splash of poison hits you but does no damage.
You resist.
The anaconda bites you but does no damage.
The anaconda constricts you.
You block the guardian serpent's attack.
37848 ||| DRINKING 2 potions of heal wounds.
You feel much better.
You block the guardian serpent's attack.
You block the naga mage's attack. You block the nagaraja's attack.
The guardian serpent hits you!
The naga sharpshooter unwields a +0 trident.
The naga sharpshooter wields a +0 arbalest.
The naga sharpshooter mumbles some strange words.
The naga sharpshooter magically shoots a bolt.
The bolt hits you. The guardian serpent hits you! The anaconda bites you!
The anaconda constricts you.
The naga sharpshooter shoots an arrow.
You block the arrow.
The naga sharpshooter unwields a +0 glaive.
The naga sharpshooter wields a +0 longbow.
The naga sharpshooter casts a spell.
The naga sharpshooter magically shoots an arrow.
The arrow hits you!
You die...

#.<.. ..............#
#.####. .....8...8.....#
#......
#.}.........}.###.#######
#....8..N8....#..........
#......N....##.#.#...#..
#.....}N.N..##.#.....[..
#....NSNN.# #.#........
#.NS@S# #.#.#...#..
####.NN## #.#........
##}......# #..........
##.......## #..####.)..
##.....#### #..#..#)##.
#..(.### #..#..#[##.
#.....######## #..#..#.##.
##...........###.....#.##.
###...........##.##.#.##.


You could see a nagaraja (fast), a naga warrior, 4 naga sharpshooters, an
anaconda (slow), a naga ritualist, 2 guardian serpents, a naga mage (fast) and 2
nagas.

Vanquished Creatures
  Rupert (Lair:4)
  4 krakens (Shoals:2)
  Louise (Snake:1)
  6 nagarajas
  An orc warlord (Orc:2)
  Nessos (Lair:4)
  A fire dragon (D:15)
  Josephine (Lair:4)
  A merfolk javelineer (Shoals:1)
  5 merfolk impalers
  A great orb of eyes (D:15)
  Erolcha (Orc:1)
  A vault guard (D:14)
  2 boulder beetles
  2 rakshasas
  5 anacondas
  An alligator snapping turtle (Shoals:1)
  2 salamander tyrants
  3 catoblepae
  3 two-headed ogres
  7 hydras
  2 merfolk aquamancers (Shoals:1)
  Erica (Orc:1)
  4 centaur warriors
  14 naga warriors
  A satyr (Shoals:3)
  2 merfolk avatars
  A deep troll shaman (Lair:5)
  6 tengu warriors
  4 orc high priests (Orc:2)
  6 death yaks (Lair:5)
  Sonja (Lair:3)
  9 shock serpents
  6 naga sharpshooters
  Nergalle (D:10)
  4 sea snakes
  A salamander mystic (Snake:4)
  A fire crab (shapeshifter) (D:15)
  8 naga ritualists
  A deep elf archer (D:14)
  6 orc knights
  3 harpies (Shoals:2)
  3 deep elf zephyrmancers (D:14)
  7 orc sorcerers
  4 deep elf pyromancers (D:14)
  A lindwurm (Lair:4)
  14 mana vipers
  11 ugly things
  12 fauns
  12 salamanders
  2 cyclopes
  6 manticores
  12 elephants
  37 black mambas
  9 guardian serpents
  14 naga magi
  6 merfolk sirens
  5 water nymphs
  Maurice (Orc:1)
  5 cane toads
  A gargoyle (D:11)
  A kobold demonologist (D:14)
  2 efreet
  11 komodo dragons
  2 unseen horrors
  2 rime drakes
  2 tengu conjurers
  10 trolls
  3 polar bears
  16 merfolk
  A meliai (D:14)
  2 hornets
  4 wind drakes
  13 slime creatures
  11 blink frogs
  3 snapping turtles
  8 dream sheep
  A centaur simulacrum (D:15)
  An air elemental (D:14)
  2 shadows (D:11)
  2 water elementals
  8 wraiths
  6 wyverns
  2 basilisks
  57 yaks
  7 vampire mosquitoes
  7 wargs (Orc:2)
  47 nagas
  3 acid dragons
  21 water moccasins
  43 orc warriors
  4 ice beasts
  A black bear (D:3)
  3 sky beasts (D:14)
  7 ogres (Orc:2)
  17 wolves
  3 phantoms
  6 centaurs
  A gnoll sergeant (D:8)
  A necrophage (D:7)
  6 bullfrogs
  A cane toad simulacrum (Lair:5)
  5 scorpions
  3 wights (D:10)
  9 killer bees (D:11)
  6 howler monkeys
  2 electric eels (Lair:2)
  2 lava snakes (Snake:4)
  A jelly (D:7)
  3 gnoll boudas
  30 orc priests
  2 hounds (D:5)
  Terence (D:3)
  2 iguanas (D:5)
  15 orc wizards
  17 gnolls
  A river rat (Sewer)
  11 adders
  A shadow imp (D:5)
  2 white imps
  2 ufetubi
  2 worms
  4 dart slugs
  111 orcs
  3 bats
  5 endoplasms
  2 giant cockroaches
  9 goblins
  3 hobgoblins
  15 ball pythons
  7 frilled lizards
  5 kobolds
  17 rats
  34 tentacles (Shoals:2)
974 creatures vanquished.

Vanquished Creatures (others)
  A vampire mosquito (D:14)
  29 fungi
  90 plants
  203 tentacles (Shoals:2)
323 creatures vanquished.

Grand Total: 1297 creatures vanquished

Notes
Turn   | Place    | Note
-------+----------+-------------------------------------------
     0 | D:1      | qw the Gargoyle Fighter began the quest for the Orb.
     0 | D:1      | Reached XP level 1. HP: 14/14 MP: 1/1
     0 | D:1      | 0 ||| qw: Version: 0.1-a-119-g272c26d
     0 | D:1      | 0 ||| qw: Game counter: 10636
     0 | D:1      | 0 ||| qw: Always use a shield: true
     0 | D:1      | 0 ||| qw: God list: Okawaru
     0 | D:1      | 0 ||| qw: Allow faded altars: false
     0 | D:1      | 0 ||| qw: Do Orc after D:15 true
     0 | D:1      | 0 ||| qw: Do second Lair branch before Depths: true
     0 | D:1      | 0 ||| qw: Lair rune preference: random
     0 | D:1      | 0 ||| qw: Plans: Normal, Zot, God:TSO, Crypt, Tomb, Pan,
                  | Slime, Hells, Zig, Abyss, Orb
     0 | D:1      | 0 ||| PLANNING D:1-11
   148 | D:1      | Reached XP level 2. HP: 13/19 MP: 2/2
   462 | D:1      | 462 ||| DROPPING +0 club.
   840 | D:1      | Found a faded altar of an unknown god.
   894 | D:1      | 894 ||| READING scroll labelled DAATTO IS NUE.
   895 | D:1      | 895 ||| READING 2 scrolls labelled MUOPSO SUXZA.
   896 | D:1      | 896 ||| READING scroll of enchant weapon.
   896 | D:1      | 896 ||| ENCHANTING +1 war axe.
   931 | D:2      | 931 ||| Stepping ~*~*~tactically~*~*~ (stealth).
   933 | D:2      | 933 ||| Stepping ~*~*~tactically~*~*~ (hiding).
   940 | D:2      | Reached skill level 3 in Axes
   947 | D:2      | Reached XP level 3. HP: 17/23 MP: 3/3
  1159 | D:2      | Identified the +4 ring mail of Gestures {rF+ Dex+4 Stlth+}
  1444 | D:2      | Identified the amulet of Uniusk {Acrobat +Blink +Inv Dex-5
                  | Slay+6}
  1513 | D:2      | 1513 ||| UPGRADING to +4 ring mail of Gestures {rF+ Dex+4
                  | Stlth+}.
  1523 | D:2      | 1523 ||| DROPPING +0 scale mail.
  1524 | D:2      | 1524 ||| UPGRADING to +0 plate armour.
  1534 | D:2      | 1534 ||| UPGRADING to amulet of Uniusk {Acrobat +Blink +Inv
                  | Dex-5 Slay+6}.
  1539 | D:2      | 1539 ||| UPGRADING to +4 ring mail of Gestures {rF+ Dex+4
                  | Stlth+}.
  1549 | D:2      | 1549 ||| READING scroll labelled FELLYV SYXOWN.
  1550 | D:2      | 1550 ||| READING scroll labelled APSY ERUPRUOFA.
  1553 | D:2      | 1553 ||| READING scroll labelled GUTABLOGIFEO.
  1554 | D:2      | 1554 ||| READING scroll labelled WAOBUKK NAECK.
  1555 | D:2      | 1555 ||| DRINKING 2 white potions.
  1589 | D:3      | Noticed a black bear
  1594 | D:3      | Killed a black bear
  1595 | D:3      | Reached XP level 4. HP: 28/28 MP: 4/4
  1595 | D:3      | Reached XP level 5. HP: 32/32 MP: 5/5
  2141 | D:3      | Noticed Terence
  2144 | D:3      | Killed Terence
  2145 | D:3      | Reached skill level 1 in Throwing
  2187 | D:3      | 2187 ||| Stepping ~*~*~tactically~*~*~ (stealth).
  2290 | D:3      | 2290 ||| READING scroll labelled ZOPHUK NUIGY.
  2291 | D:3      | 2291 ||| DRINKING 2 fizzy pink potions.
  2292 | D:3      | 2292 ||| DROPPING potion of degeneration.
  2337 | D:4      | Found Firuse's Jewellery Shoppe.
  2377 | D:4      | 2377 ||| SHOPLISTING +4 ring of evasion (432 gold, have
                  | 152).
  2377 | D:4      | 2377 ||| SHOPLISTING +4 ring of protection (432 gold, have
                  | 152).
  2377 | D:4      | 2377 ||| SHOPLISTING ring "Muususept" {rCorr Str+6 Int+2
                  | SInv} (684 gold, have 152).
  2377 | D:4      | 2377 ||| SHOPLISTING ring "Zykitiff" {Ice +Blink rPois
                  | Dex+3} (594 gold, have 152).
  2377 | D:4      | 2377 ||| SHOPLISTING ring of protection from fire (300
                  | gold, have 152).
  2399 | D:4      | Reached XP level 6. HP: 31/37 MP: 6/6
  2476 | D:4      | 2476 ||| Stepping ~*~*~tactically~*~*~ (stealth).
  2504 | D:4      | 2504 ||| Stepping ~*~*~tactically~*~*~ (stealth).
  2520 | D:4      | 2520 ||| DROPPING +0 whip.
  2540 | D:4      | 2540 ||| Stepping ~*~*~tactically~*~*~ (stealth).
  2542 | D:4      | 2542 ||| Stepping ~*~*~tactically~*~*~ (stealth).
  2543 | D:4      | 2543 ||| Stepping ~*~*~tactically~*~*~ (stealth).
  2545 | D:4      | 2545 ||| Stepping ~*~*~tactically~*~*~ (stealth).
  2675 | D:4      | 2675 ||| Stepping ~*~*~tactically~*~*~ (stealth).
  2683 | D:4      | Found a staircase to the Ecumenical Temple.
  2684 | D:4      | 2684 ||| PLANNING TEMPLE
  2684 | D:4      | 2684 ||| FLEEEEING.
  2686 | D:4      | 2686 ||| FLEEEEING.
  2687 | D:4      | 2687 ||| FLEEEEING.
  2688 | D:4      | 2688 ||| FLEEEEING.
  2689 | D:4      | 2689 ||| FLEEEEING.
  2690 | D:4      | 2690 ||| FLEEEEING.
  2691 | D:4      | 2691 ||| FLEEEEING.
  2692 | D:4      | 2692 ||| FLEEEEING.
  2693 | D:4      | 2693 ||| FLEEEEING.
  2694 | D:4      | 2694 ||| FLEEEEING.
  2695 | D:4      | 2695 ||| FLEEEEING.
  2696 | D:4      | 2696 ||| FLEEEEING.
  2697 | D:4      | 2697 ||| FLEEEEING.
  2700 | D:4      | 2700 ||| FLEEEEING.
  2701 | D:4      | 2701 ||| STAIRDANCE
  2703 | D:3      | 2703 ||| UPGRADING to +0 cloak.
  2728 | D:4      | 2728 ||| FLEEEEING.
  2730 | D:4      | 2730 ||| FLEEEEING.
  2750 | Temple   | Entered the Ecumenical Temple
  3010 | Temple   | 3010 ||| PLANNING D:1-11
  3060 | Temple   | Became a worshipper of Warmaster Okawaru
  3327 | D:4      | 3327 ||| UPGRADING to +1 helmet of intelligence.
  3332 | D:4      | 3332 ||| UPGRADING to +6 ring of dexterity.
  3333 | D:4      | 3333 ||| UPGRADING to +0 plate armour.
  3343 | D:4      | 3343 ||| READING scroll labelled NUPOIQ ERATWAU.
  3344 | D:4      | 3344 ||| READING scroll labelled ETSICS NAKAT GOF.
  3354 | D:5      | Entered Level 5 of the Dungeon
  3355 | D:5      | 3355 ||| PLANNING SEWER
  3364 | D:5      | Noticed an ice beast
  3374 | D:5      | Killed an ice beast
  3375 | D:5      | Reached skill level 6 in Axes
  3375 | D:5      | Reached XP level 7. HP: 25/44 MP: 7/7
  3463 | D:5      | 3463 ||| FLEEEEING.
  3469 | D:5      | 3469 ||| STAIRDANCE
  3504 | D:4      | 3504 ||| UPGRADING to ring of positive energy.
  3674 | D:5      | Reached * piety under Okawaru
  3715 | D:5      | Found a glowing drain.
  3716 | D:5      | 3716 ||| READING scroll labelled MOANOS LEJAJ.
  3717 | D:5      | 3717 ||| DRINKING 2 silvery potions.
  3718 | D:5      | 3718 ||| READING 2 scrolls of identify.
  3718 | D:5      | 3718 ||| IDENTIFYING puce potion
  3719 | D:5      | 3719 ||| DROPPING potion of invisibility.
  3720 | D:5      | 3720 ||| DROPPING potion of brilliance.
  3722 | D:5      | 3722 ||| FLEEEEING.
  3723 | D:5      | 3723 ||| FLEEEEING.
  3724 | D:5      | 3724 ||| FLEEEEING.
  3725 | D:5      | 3725 ||| FLEEEEING.
  3726 | D:5      | 3726 ||| FLEEEEING.
  3727 | D:5      | 3727 ||| FLEEEEING.
  3728 | D:5      | 3728 ||| FLEEEEING.
  3729 | D:5      | 3729 ||| FLEEEEING.
  3730 | D:5      | 3730 ||| FLEEEEING.
  3731 | D:5      | 3731 ||| FLEEEEING.
  3732 | D:5      | 3732 ||| FLEEEEING.
  3733 | D:5      | 3733 ||| FLEEEEING.
  3734 | D:5      | 3734 ||| STAIRDANCE
  3738 | D:5      | 3738 ||| STAIRDANCE
  3743 | D:5      | 3743 ||| STAIRDANCE
  3747 | D:5      | 3747 ||| STAIRDANCE
  3753 | D:5      | 3753 ||| STAIRDANCE
  3772 | D:5      | 3772 ||| FLEEEEING.
  3773 | D:5      | 3773 ||| FLEEEEING.
  3775 | D:5      | 3775 ||| FLEEEEING.
  3788 | D:5      | 3788 ||| FLEEEEING.
  3789 | D:5      | 3789 ||| FLEEEEING.
  3790 | D:5      | 3790 ||| FLEEEEING.
  3791 | D:5      | 3791 ||| FLEEEEING.
  3792 | D:5      | 3792 ||| FLEEEEING.
  3793 | D:5      | 3793 ||| STAIRDANCE
  3799 | D:5      | 3799 ||| STAIRDANCE
  3822 | Sewer    | Entered a sewer
  3864 | Sewer    | 3864 ||| READING scroll of enchant weapon.
  3864 | Sewer    | 3864 ||| ENCHANTING +2 war axe of protection.
  3894 | Sewer    | 3894 ||| Stepping ~*~*~tactically~*~*~ (water).
  3899 | Sewer    | Reached skill level 1 in Dodging
  3912 | Sewer    | 3912 ||| INVOKING Heroism.
  4001 | Sewer    | 4001 ||| Stepping ~*~*~tactically~*~*~ (water).
  4175 | Sewer    | 4175 ||| DRINKING 2 fuming coppery potions.
  4210 | D:5      | 4210 ||| PLANNING D:1-11
  4407 | D:5      | 4407 ||| UPGRADING to +0 pair of gloves.
  4464 | D:6      | You fall into a shaft and drop 1 floor!
  4469 | D:7      | 4469 ||| INVOKING Heroism.
  4476 | D:7      | Reached skill level 1 in Invocations
  4479 | D:7      | Reached XP level 8. HP: 48/48 MP: 5/9
  4563 | D:7      | 4563 ||| INVOKING Heroism.
  4682 | D:7      | 4682 ||| INVOKING Heroism.
  4686 | D:7      | Reached skill level 3 in Invocations
  4777 | D:7      | 4777 ||| INVOKING Heroism.
  4821 | D:7      | 4821 ||| Stepping ~*~*~tactically~*~*~ (stealth).
  4823 | D:7      | 4823 ||| Stepping ~*~*~tactically~*~*~ (hiding).
  4831 | D:7      | 4831 ||| INVOKING Heroism.
  4849 | D:7      | 4849 ||| Stepping ~*~*~tactically~*~*~ (stealth).
  4851 | D:7      | 4851 ||| Stepping ~*~*~tactically~*~*~ (stealth).
  4856 | D:7      | 4856 ||| Stepping ~*~*~tactically~*~*~ (stealth).
  4891 | D:7      | 4891 ||| DROPPING ring of flight.
  4892 | D:7      | 4892 ||| READING 2 scrolls of identify.
  4892 | D:7      | 4892 ||| IDENTIFYING clear potion
  4893 | D:7      | 4893 ||| DROPPING potion of ambrosia.
  5092 | D:6      | Found a broken altar of Ashenzari.
  5183 | D:6      | Reached ** piety under Okawaru
  5184 | D:6      | Reached XP level 9. HP: 54/54 MP: 12/12
  5281 | D:6      | 5281 ||| READING scroll of enchant weapon.
  5281 | D:6      | 5281 ||| ENCHANTING +3 war axe of protection.
  5365 | D:6      | 5365 ||| INVOKING Heroism.
  5485 | D:6      | 5485 ||| DRINKING 2 viscous orange potions.
  5534 | D:6      | 5534 ||| READING 2 scrolls of identify.
  5534 | D:6      | 5534 ||| IDENTIFYING amethyst potion
  5686 | D:7      | 5686 ||| Stepping ~*~*~tactically~*~*~ (hiding).
  5865 | D:7      | Reached skill level 6 in Fighting
  6024 | D:7      | 6024 ||| INVOKING Heroism.
  6288 | D:7      | 6288 ||| DRINKING 3 fizzy purple potions.
  6289 | D:7      | 6289 ||| DRINKING 2 fizzy clear potions.
  6326 | D:8      | Found a bloodstained altar of Trog.
  6326 | D:8      | Found a shadowy altar of Dithmenos.
  6332 | D:8      | Found a sparkling altar of Nemelex Xobeh.
  6332 | D:8      | Found a shimmering blue altar of Sif Muna.
  6379 | D:8      | 6379 ||| Stepping ~*~*~tactically~*~*~ (stealth).
  6381 | D:8      | 6381 ||| Stepping ~*~*~tactically~*~*~ (hiding).
  6386 | D:8      | 6386 ||| INVOKING Heroism.
  6539 | D:8      | Found a runed translucent gate.
  6539 | D:8      | Found a runed translucent gate.
  6539 | D:8      | Found a runed translucent gate.
  6540 | D:8      | Noticed qw's ghost (weakling GrDe)
  6583 | D:8      | Found a sacrificial altar of Ru.
  6584 | D:8      | 6584 ||| INVOKING Heroism.
  6600 | D:8      | Reached skill level 9 in Axes
  6648 | D:8      | 6648 ||| Stepping ~*~*~tactically~*~*~ (stealth).
  6654 | D:8      | 6654 ||| Stepping ~*~*~tactically~*~*~ (stealth).
  6659 | D:8      | Reached skill level 6 in Armour
  6875 | D:8      | Noticed a hornet
  6880 | D:8      | Killed a hornet
  6966 | D:8      | 6966 ||| UPGRADING to +0 kite shield.
  6976 | D:8      | 6976 ||| DROPPING +0 buckler.
  6977 | D:8      | 6977 ||| DROPPING amulet of faith.
  6978 | D:8      | 6978 ||| READING scroll labelled WEIGITHR GEDI.
  6979 | D:8      | 6979 ||| READING scroll labelled APNATOI JUBB.
  7075 | D:9      | 7075 ||| READING scroll of enchant weapon.
  7075 | D:9      | 7075 ||| ENCHANTING +4 war axe of protection.
  7131 | D:9      | 7131 ||| INVOKING Heroism.
  7137 | D:9      | Reached XP level 10. HP: 63/63 MP: 10/13
  7137 | D:9      | Reached *** piety under Okawaru
  7143 | D:9      | Reached skill level 6 in Shields
  7333 | D:9      | 7333 ||| INVOKING Heroism.
  7351 | D:9      | 7351 ||| Stepping ~*~*~tactically~*~*~ (stealth).
  7352 | D:9      | 7352 ||| Stepping ~*~*~tactically~*~*~ (stealth).
  7391 | D:9      | Reached **** piety under Okawaru
  7449 | D:9      | 7449 ||| Stepping ~*~*~tactically~*~*~ (stealth).
  7451 | D:9      | 7451 ||| Stepping ~*~*~tactically~*~*~ (stealth).
  7454 | D:9      | 7454 ||| Stepping ~*~*~tactically~*~*~ (stealth).
  7457 | D:9      | 7457 ||| Stepping ~*~*~tactically~*~*~ (stealth).
  7459 | D:9      | 7459 ||| INVOKING Heroism.
  7460 | D:9      | 7460 ||| Stepping ~*~*~tactically~*~*~ (stealth).
  7464 | D:9      | 7464 ||| Stepping ~*~*~tactically~*~*~ (stealth).
  7466 | D:9      | 7466 ||| Stepping ~*~*~tactically~*~*~ (stealth).
  7479 | D:9      | Reached skill level 9 in Shields
  7597 | D:9      | Found a staircase to the Lair.
  7621 | D:9      | 7621 ||| Stepping ~*~*~tactically~*~*~ (stealth).
  7708 | D:9      | Found Lorozih's Weapon Boutique.
  7877 | D:9      | 7877 ||| READING 4 scrolls of identify.
  7877 | D:9      | 7877 ||| IDENTIFYING ruby potion
  7878 | D:9      | 7878 ||| READING 3 scrolls of identify.
  7878 | D:9      | 7878 ||| IDENTIFYING orange potion
  7885 | D:10     | Entered Level 10 of the Dungeon
  7886 | D:10     | 7886 ||| STAIRDANCE
  7888 | D:9      | 7888 ||| INVOKING Heroism.
  7899 | D:10     | Reached skill level 6 in Invocations
  7920 | D:10     | 7920 ||| STAIRDANCE
  7973 | D:10     | Noticed Nergalle
  7974 | D:10     | 7974 ||| INVOKING Heroism.
  7980 | D:10     | Killed Nergalle
  7980 | D:10     | Reached ***** piety under Okawaru
  7981 | D:10     | Reached XP level 11. HP: 67/67 MP: 12/15
  8039 | D:10     | Found a staircase to the Orcish Mines.
  8103 | D:10     | 8103 ||| Stepping ~*~*~tactically~*~*~ (hiding).
  8105 | D:10     | 8105 ||| Stepping ~*~*~tactically~*~*~ (hiding).
  8109 | D:10     | 8109 ||| INVOKING Heroism.
  8183 | D:10     | Found a flagged portal.
  8186 | D:10     | 8186 ||| INVOKING Heroism.
  8242 | D:10     | Found a snail-covered altar of Cheibriados.
  8249 | D:10     | 8249 ||| Stepping ~*~*~tactically~*~*~ (hiding).
  8440 | D:10     | 8440 ||| Stepping ~*~*~tactically~*~*~ (hiding).
  8443 | D:10     | 8443 ||| Stepping ~*~*~tactically~*~*~ (hiding).
  8465 | D:10     | Identified the +7 falchion of Cauff {venom, rElec}
  8466 | D:10     | 8466 ||| Stepping ~*~*~tactically~*~*~ (stealth).
  8478 | D:10     | 8478 ||| Stepping ~*~*~tactically~*~*~ (stealth).
  8480 | D:10     | 8480 ||| INVOKING Heroism.
  8481 | D:10     | 8481 ||| Stepping ~*~*~tactically~*~*~ (stealth).
  8494 | D:10     | 8494 ||| UPGRADING to ring of see invisible.
  8496 | D:10     | 8496 ||| READING 2 scrolls of teleportation.
  8498 | D:10     | 8498 ||| Stepping ~*~*~tactically~*~*~ (hiding).
  8614 | D:10     | Identified the +6 falchion of Sloth {pain, Stlth+}
  8655 | D:10     | 8655 ||| READING scroll labelled ROXZUC OPNISEV.
  8656 | D:10     | 8656 ||| READING scroll of teleportation.
  8658 | D:10     | 8658 ||| Stepping ~*~*~tactically~*~*~ (hiding).
  8816 | D:10     | Found a shimmering altar of Xom.
  8883 | D:10     | Found a glowing golden altar of the Shining One.
  8953 | D:10     | 8953 ||| Stepping ~*~*~tactically~*~*~ (stealth).
  9081 | D:10     | 9081 ||| READING scroll labelled YFRIPUDURY.
  9151 | D:9      | 9151 ||| INVOKING Heroism.
  9179 | D:9      | 9179 ||| PLANNING LAIR
  9223 | Lair:1   | Entered Level 1 of the Lair of Beasts
  9224 | Lair:1   | 9224 ||| INVOKING Heroism.
  9281 | Lair:1   | 9281 ||| Stepping ~*~*~tactically~*~*~ (stealth).
  9285 | Lair:1   | 9285 ||| Stepping ~*~*~tactically~*~*~ (stealth).
  9301 | Lair:1   | Received a gift from Okawaru
  9553 | Lair:1   | 9553 ||| Stepping ~*~*~tactically~*~*~ (stealth).
  9560 | Lair:1   | 9560 ||| Stepping ~*~*~tactically~*~*~ (stealth).
  9640 | Lair:1   | 9640 ||| INVOKING Heroism.
  9695 | Lair:1   | 9695 ||| INVOKING Heroism.
  9721 | Lair:1   | 9721 ||| READING scroll of enchant weapon.
  9721 | Lair:1   | 9721 ||| ENCHANTING +5 war axe of protection.
  9737 | Lair:1   | 9737 ||| INVOKING Heroism.
 10123 | Lair:1   | 10123 ||| DROPPING scarf of invisibility.
 10166 | Lair:2   | 10166 ||| Stepping ~*~*~tactically~*~*~ (stealth).
 10168 | Lair:2   | 10168 ||| Stepping ~*~*~tactically~*~*~ (stealth).
 10169 | Lair:2   | 10169 ||| Stepping ~*~*~tactically~*~*~ (stealth).
 10175 | Lair:2   | Reached skill level 9 in Invocations
 10175 | Lair:2   | 10175 ||| INVOKING Heroism.
 10232 | Lair:2   | 10232 ||| Stepping ~*~*~tactically~*~*~ (stealth).
 10233 | Lair:2   | 10233 ||| Stepping ~*~*~tactically~*~*~ (stealth).
 10238 | Lair:2   | Found a staircase to the Snake Pit.
 10399 | Lair:2   | Found a staircase to the Shoals.
 10406 | Lair:2   | Reached XP level 12. HP: 53/73 MP: 19/19
 10519 | Lair:2   | 10519 ||| INVOKING Heroism.
 10796 | Lair:2   | 10796 ||| Stepping ~*~*~tactically~*~*~ (stealth).
 10798 | Lair:2   | 10798 ||| Stepping ~*~*~tactically~*~*~ (stealth).
 11245 | Lair:3   | Noticed a boulder beetle
 11246 | Lair:3   | 11246 ||| INVOKING Heroism.
 11254 | Lair:3   | 11254 ||| INVOKING Finesse.
 11267 | Lair:3   | Killed a boulder beetle
 11342 | Lair:3   | 11342 ||| INVOKING Heroism.
 11367 | Lair:3   | 11367 ||| Stepping ~*~*~tactically~*~*~ (stealth).
 11370 | Lair:3   | 11370 ||| Stepping ~*~*~tactically~*~*~ (stealth).
 11373 | Lair:3   | 11373 ||| INVOKING Heroism.
 11376 | Lair:3   | Received a gift from Okawaru
 11415 | Lair:3   | 11415 ||| Stepping ~*~*~tactically~*~*~ (stealth).
 11444 | Lair:3   | Reached skill level 3 in Throwing
 11565 | Lair:3   | 11565 ||| INVOKING Heroism.
 11578 | Lair:3   | Noticed Sonja
 11579 | Lair:3   | 11579 ||| INVOKING Finesse.
 11587 | Lair:3   | Killed Sonja
 11785 | Lair:3   | Noticed a catoblepas
 11786 | Lair:3   | 11786 ||| INVOKING Heroism.
 11787 | Lair:3   | 11787 ||| INVOKING Finesse.
 11794 | Lair:3   | Killed a catoblepas
 11881 | Lair:3   | 11881 ||| INVOKING Heroism.
 11891 | Lair:3   | Reached skill level 9 in Fighting
 12022 | Lair:3   | 12022 ||| INVOKING Heroism.
 12279 | Lair:3   | 12279 ||| UPGRADING to +1 pair of gloves.
 12289 | Lair:3   | 12289 ||| DROPPING +0 pair of gloves.
 12299 | Lair:3   | 12299 ||| INVOKING Heroism.
 12343 | Lair:4   | Noticed a five-headed hydra
 12344 | Lair:4   | 12344 ||| INVOKING Finesse.
 12347 | Lair:4   | 12347 ||| SWAPPING to +1 flail of protection.
 12348 | Lair:4   | 12348 ||| STAIRDANCE
 12350 | Lair:3   | 12350 ||| SWAPPING to +6 war axe of protection.
 12379 | Lair:4   | 12379 ||| STAIRDANCE
 12381 | Lair:3   | 12381 ||| INVOKING Heroism.
 12397 | Lair:4   | 12397 ||| STAIRDANCE
 12399 | Lair:3   | 12399 ||| SWAPPING to +1 flail of protection.
 12400 | Lair:3   | 12400 ||| INVOKING Finesse.
 12401 | Lair:3   | 12401 ||| Stepping ~*~*~tactically~*~*~ (outnumbered).
 12402 | Lair:3   | 12402 ||| Stepping ~*~*~tactically~*~*~ (outnumbered).
 12403 | Lair:3   | 12403 ||| Stepping ~*~*~tactically~*~*~ (outnumbered).
 12404 | Lair:3   | 12404 ||| Stepping ~*~*~tactically~*~*~ (outnumbered).
 12405 | Lair:3   | 12405 ||| Stepping ~*~*~tactically~*~*~ (outnumbered).
 12406 | Lair:3   | 12406 ||| Stepping ~*~*~tactically~*~*~ (outnumbered).
 12407 | Lair:3   | 12407 ||| Stepping ~*~*~tactically~*~*~ (outnumbered).
 12409 | Lair:3   | 12409 ||| Stepping ~*~*~tactically~*~*~ (outnumbered).
 12411 | Lair:3   | 12411 ||| Stepping ~*~*~tactically~*~*~ (outnumbered).
 12412 | Lair:3   | 12412 ||| Stepping ~*~*~tactically~*~*~ (outnumbered).
 12413 | Lair:3   | 12413 ||| Stepping ~*~*~tactically~*~*~ (outnumbered).
 12416 | Lair:3   | 12416 ||| Stepping ~*~*~tactically~*~*~ (outnumbered).
 12419 | Lair:3   | 12419 ||| SWAPPING to +6 war axe of protection.
 12422 | Lair:3   | 12422 ||| SWAPPING to +1 flail of protection.
 12423 | Lair:3   | 12423 ||| Stepping ~*~*~tactically~*~*~ (outnumbered).
 12430 | Lair:3   | Killed a five-headed hydra
 12431 | Lair:3   | 12431 ||| SWAPPING to +6 war axe of protection.
 12653 | Lair:4   | 12653 ||| STAIRDANCE
 12661 | Lair:4   | Identified the +2 acid dragon scales "Molus" {rCorr Str+2}
                  | (Okawaru gifted it to you on level 4 of the Lair of Beasts)
 12661 | Lair:4   | Received a gift from Okawaru
 12662 | Lair:4   | Reached skill level 12 in Axes
 12745 | Lair:4   | Noticed Nessos
 12746 | Lair:4   | 12746 ||| Stepping ~*~*~tactically~*~*~ (hiding).
 12747 | Lair:4   | 12747 ||| Stepping ~*~*~tactically~*~*~ (hiding).
 12751 | Lair:4   | 12751 ||| INVOKING Finesse.
 12758 | Lair:4   | Killed Nessos
 12776 | Lair:4   | 12776 ||| Stepping ~*~*~tactically~*~*~ (stealth).
 12786 | Lair:4   | 12786 ||| Stepping ~*~*~tactically~*~*~ (stealth).
 12788 | Lair:4   | 12788 ||| INVOKING Heroism.
 12798 | Lair:4   | 12798 ||| Stepping ~*~*~tactically~*~*~ (stealth).
 12808 | Lair:4   | Reached skill level 9 in Armour
 12814 | Lair:4   | 12814 ||| Stepping ~*~*~tactically~*~*~ (stealth).
 12817 | Lair:4   | 12817 ||| STAIRDANCE
 12820 | Lair:3   | Reached XP level 13. HP: 80/80 MP: 20/20
 12823 | Lair:4   | 12823 ||| STAIRDANCE
 12825 | Lair:3   | 12825 ||| INVOKING Heroism.
 12921 | Lair:4   | 12921 ||| INVOKING Heroism.
 12934 | Lair:4   | 12934 ||| Stepping ~*~*~tactically~*~*~ (stealth).
 13090 | Lair:4   | Noticed Rupert
 13091 | Lair:4   | 13091 ||| INVOKING Heroism.
 13092 | Lair:4   | 13092 ||| INVOKING Finesse.
 13100 | Lair:4   | Killed Rupert
 13177 | Lair:4   | 13177 ||| Stepping ~*~*~tactically~*~*~ (stealth).
 13196 | Lair:4   | 13196 ||| INVOKING Heroism.
 13361 | Lair:4   | Found an opulent altar of Gozag.
 13500 | Lair:4   | Noticed Josephine
 13500 | Lair:4   | 13500 ||| Stepping ~*~*~tactically~*~*~ (stealth).
 13506 | Lair:4   | 13506 ||| Stepping ~*~*~tactically~*~*~ (stealth).
 13508 | Lair:4   | 13508 ||| Stepping ~*~*~tactically~*~*~ (stealth).
 13509 | Lair:4   | 13509 ||| Stepping ~*~*~tactically~*~*~ (stealth).
 13510 | Lair:4   | 13510 ||| Stepping ~*~*~tactically~*~*~ (stealth).
 13521 | Lair:4   | Killed Josephine
 13720 | Lair:5   | Entered Level 5 of the Lair of Beasts
 13721 | Lair:5   | 13721 ||| INVOKING Heroism.
 13722 | Lair:5   | 13722 ||| STAIRDANCE
 13735 | Lair:5   | 13735 ||| STAIRDANCE
 13789 | Lair:5   | Found a frozen archway.
 13805 | Lair:5   | 13805 ||| INVOKING Heroism.
 13814 | Lair:5   | 13814 ||| INVOKING Finesse.
 13819 | Lair:5   | 13819 ||| SWAPPING to +1 flail of protection.
 13830 | Lair:5   | 13830 ||| SWAPPING to +6 war axe of protection.
 13837 | Lair:5   | Received a gift from Okawaru
 13867 | Lair:5   | Found a runed translucent gate.
 13867 | Lair:5   | Found a runed translucent gate.
 13867 | Lair:5   | Found a runed translucent gate.
 13869 | Lair:5   | Noticed qw's ghost (journeyman GrDe)
 13876 | Lair:5   | 13876 ||| INVOKING Heroism.
 14038 | Lair:5   | 14038 ||| INVOKING Heroism.
 14055 | Lair:5   | Found the +5 lochaber axe {reach-cleave, poleaxe}
 14089 | Lair:5   | 14089 ||| INVOKING Heroism.
 14286 | Lair:5   | Found a viscous altar of Jiyva.
 14286 | Lair:5   | Found a staircase to the Slime Pits.
 14315 | Lair:5   | 14315 ||| INVOKING Heroism.
 14316 | Lair:5   | 14316 ||| INVOKING Finesse.
 14318 | Lair:5   | 14318 ||| SWAPPING to +1 flail of protection.
 14329 | Lair:5   | 14329 ||| SWAPPING to +6 war axe of protection.
 14374 | Lair:5   | 14374 ||| INVOKING Heroism.
 14445 | Lair:5   | 14445 ||| Stepping ~*~*~tactically~*~*~ (hiding).
 14492 | Lair:5   | 14492 ||| INVOKING Heroism.
 14493 | Lair:5   | 14493 ||| INVOKING Finesse.
 14495 | Lair:5   | 14495 ||| SWAPPING to +1 flail of protection.
 14503 | Lair:5   | Received a gift from Okawaru
 14504 | Lair:5   | Gained mutation: Your large and strong wings let you fly.
                  | [Gargoyle growth]
 14504 | Lair:5   | Reached XP level 14. HP: 86/88 MP: 14/21
 14504 | Lair:5   | 14504 ||| SWAPPING to +6 war axe of protection.
 14655 | Lair:5   | 14655 ||| INVOKING Heroism.
 14777 | Lair:5   | 14777 ||| INVOKING Heroism.
 14778 | Lair:5   | 14778 ||| INVOKING Finesse.
 14802 | Lair:5   | 14802 ||| SWAPPING to +1 flail of protection.
 14803 | Lair:5   | 14803 ||| Stepping ~*~*~tactically~*~*~ (outnumbered).
 14804 | Lair:5   | 14804 ||| SWAPPING to +6 war axe of protection.
 14807 | Lair:5   | 14807 ||| SWAPPING to +1 flail of protection.
 14809 | Lair:5   | 14809 ||| SWAPPING to +6 war axe of protection.
 14812 | Lair:5   | 14812 ||| SWAPPING to +1 flail of protection.
 14820 | Lair:5   | 14820 ||| SWAPPING to +6 war axe of protection.
 14951 | Lair:5   | Found the -2 hat of the Alchemist {rElec rPois rF+ rC+ rN+
                  | Will+ rMut rCorr}
 14954 | Lair:5   | 14954 ||| INVOKING Heroism.
 14955 | Lair:5   | 14955 ||| INVOKING Finesse.
 15010 | Lair:5   | 15010 ||| READING scroll of enchant weapon.
 15010 | Lair:5   | 15010 ||| ENCHANTING +6 war axe of protection.
 15199 | Lair:5   | 15199 ||| PLANNING D:1-11
 15199 | Lair:5   | 15199 ||| UPGRADING to +0 pair of boots.
 15204 | Lair:5   | 15204 ||| UPGRADING to -2 hat of the Alchemist {rElec rPois
                  | rF+ rC+ rN+ Will+ rMut rCorr}.
 15341 | D:11     | 15341 ||| Stepping ~*~*~tactically~*~*~ (stealth).
 15342 | D:11     | 15342 ||| Stepping ~*~*~tactically~*~*~ (stealth).
 15343 | D:11     | 15343 ||| Stepping ~*~*~tactically~*~*~ (stealth).
 15346 | D:11     | 15346 ||| INVOKING Heroism.
 15352 | D:11     | 15352 ||| Stepping ~*~*~tactically~*~*~ (hiding).
 15470 | D:11     | 15470 ||| Stepping ~*~*~tactically~*~*~ (hiding).
 15482 | D:11     | 15482 ||| Stepping ~*~*~tactically~*~*~ (stealth).
 15572 | D:11     | 15572 ||| Stepping ~*~*~tactically~*~*~ (stealth).
 15575 | D:11     | 15575 ||| INVOKING Heroism.
 15671 | D:11     | 15671 ||| Stepping ~*~*~tactically~*~*~ (stealth).
 15673 | D:11     | 15673 ||| INVOKING Heroism.
 15674 | D:11     | 15674 ||| INVOKING Finesse.
 15675 | D:11     | 15675 ||| SWAPPING to +1 flail of protection.
 15683 | D:11     | 15683 ||| SWAPPING to +7 war axe of protection.
 15884 | D:11     | 15884 ||| Stepping ~*~*~tactically~*~*~ (stealth).
 15898 | D:11     | Received a gift from Okawaru
 15903 | D:11     | 15903 ||| DROPPING +1 flail of protection.
 16826 | D:11     | 16826 ||| PLANNING D
 16896 | D:12     | 16896 ||| INVOKING Heroism.
 16909 | D:12     | Reached skill level 12 in Shields
 17235 | D:12     | 17235 ||| INVOKING Heroism.
 17410 | D:12     | 17410 ||| READING scroll of enchant armour.
 17410 | D:12     | 17410 ||| ENCHANTING +1 pair of gloves.
 17457 | D:12     | 17457 ||| Stepping ~*~*~tactically~*~*~ (hiding).
 17471 | D:12     | 17471 ||| Stepping ~*~*~tactically~*~*~ (stealth).
 17472 | D:12     | 17472 ||| Stepping ~*~*~tactically~*~*~ (stealth).
 17532 | D:12     | 17532 ||| READING scroll of enchant armour.
 17532 | D:12     | 17532 ||| ENCHANTING +0 pair of boots.
 17603 | D:12     | 17603 ||| UPGRADING to scarf of resistance.
 17613 | D:12     | 17613 ||| DROPPING amulet of the acrobat.
 17614 | D:12     | 17614 ||| READING scroll labelled YTRORHAIGU.
 17653 | D:13     | 17653 ||| STAIRDANCE
 17658 | D:13     | 17658 ||| STAIRDANCE
 17743 | D:13     | 17743 ||| Stepping ~*~*~tactically~*~*~ (stealth).
 17745 | D:13     | 17745 ||| Stepping ~*~*~tactically~*~*~ (stealth).
 17873 | D:13     | 17873 ||| Stepping ~*~*~tactically~*~*~ (stealth).
 17883 | D:13     | 17883 ||| Stepping ~*~*~tactically~*~*~ (stealth).
 17892 | D:13     | Received a gift from Okawaru
 18010 | D:13     | 18010 ||| READING scroll of brand weapon.
 18010 | D:13     | 18010 ||| BRANDING +7 war axe of protection.
 18225 | D:14     | Paralysed by an air elemental for 1 turns
 18226 | D:14     | 18226 ||| INVOKING Heroism.
 18229 | D:14     | Paralysed by an air elemental for 1 turns
 18364 | D:14     | 18364 ||| INVOKING Heroism.
 18365 | D:14     | 18365 ||| INVOKING Finesse.
 18367 | D:14     | 18367 ||| SWAPPING to +0 morningstar.
 18373 | D:14     | Identified the +1 helmet of Xima {Rampage rC+ Int+4}
                  | (Okawaru gifted it to you on level 14 of the Dungeon)
 18373 | D:14     | Received a gift from Okawaru
 18374 | D:14     | 18374 ||| SWAPPING to +7 war axe of venom.
 18458 | D:14     | 18458 ||| Stepping ~*~*~tactically~*~*~ (hiding).
 18461 | D:14     | 18461 ||| Stepping ~*~*~tactically~*~*~ (hiding).
 18462 | D:14     | 18462 ||| Stepping ~*~*~tactically~*~*~ (hiding).
 18463 | D:14     | 18463 ||| Stepping ~*~*~tactically~*~*~ (hiding).
 18464 | D:14     | 18464 ||| INVOKING Heroism.
 18474 | D:14     | Reached skill level 15 in Axes
 18474 | D:14     | 18474 ||| Stepping ~*~*~tactically~*~*~ (hiding).
 18639 | D:14     | 18639 ||| Stepping ~*~*~tactically~*~*~ (hiding).
 18674 | D:14     | Found Akhlasoq's General Store.
 18685 | D:14     | 18685 ||| BUYING +3 plate armour of positive energy (588
                  | gold).
 18685 | D:14     | Bought a +3 plate armour of positive energy for 588 gold
                  | pieces
 18685 | D:14     | 18685 ||| BUYING potion of heal wounds (70 gold).
 18685 | D:14     | Bought a potion of heal wounds for 70 gold pieces
 18685 | D:14     | 18685 ||| BUYING potion of resistance (140 gold).
 18685 | D:14     | Bought a potion of resistance for 140 gold pieces
 18690 | D:14     | 18690 ||| Stepping ~*~*~tactically~*~*~ (hiding).
 18691 | D:14     | 18691 ||| Stepping ~*~*~tactically~*~*~ (hiding).
 18771 | D:14     | 18771 ||| Stepping ~*~*~tactically~*~*~ (hiding).
 18875 | D:14     | Reached skill level 12 in Fighting
 18879 | D:14     | Reached XP level 15. HP: 73/96 MP: 22/22
 18881 | D:14     | Reached skill level 3 in Dodging
 18886 | D:14     | 18886 ||| INVOKING Heroism.
 18896 | D:14     | HP: 17/96 [rakshasa/lance of force (15)]
 18897 | D:14     | 18897 ||| READING 5 scrolls of teleportation.
 18898 | D:14     | 18898 ||| DRINKING 4 potions of heal wounds.
 19156 | D:14     | 19156 ||| Stepping ~*~*~tactically~*~*~ (hiding).
 19162 | D:14     | 19162 ||| INVOKING Heroism.
 19194 | D:14     | Found a gate to the Vaults.
 19197 | D:14     | 19197 ||| Stepping ~*~*~tactically~*~*~ (stealth).
 19210 | D:14     | 19210 ||| Stepping ~*~*~tactically~*~*~ (hiding).
 19211 | D:14     | 19211 ||| Stepping ~*~*~tactically~*~*~ (stealth).
 19213 | D:14     | 19213 ||| INVOKING Heroism.
 19231 | D:14     | 19231 ||| SWAPPING to +0 broad axe.
 19232 | D:14     | 19232 ||| DROPPING +7 war axe of venom.
 19262 | D:14     | 19262 ||| Stepping ~*~*~tactically~*~*~ (hiding).
 19424 | D:14     | 19424 ||| Stepping ~*~*~tactically~*~*~ (stealth).
 19447 | D:14     | 19447 ||| Stepping ~*~*~tactically~*~*~ (hiding).
 19488 | D:14     | 19488 ||| Stepping ~*~*~tactically~*~*~ (stealth).
 19528 | D:14     | 19528 ||| Stepping ~*~*~tactically~*~*~ (hiding).
 19775 | D:14     | 19775 ||| DROPPING +4 ring mail of Gestures {rF+ Dex+4
                  | Stlth+}.
 19776 | D:14     | 19776 ||| DROPPING +1 helmet of intelligence.
 19777 | D:14     | 19777 ||| UPGRADING to +3 plate armour of positive energy.
 19787 | D:14     | 19787 ||| DROPPING +0 plate armour.
 19819 | D:15     | Entered Level 15 of the Dungeon
 19893 | D:15     | 19893 ||| Stepping ~*~*~tactically~*~*~ (hiding).
 19899 | D:15     | 19899 ||| INVOKING Heroism.
 20146 | D:15     | 20146 ||| INVOKING Heroism.
 20149 | D:15     | 20149 ||| Stepping ~*~*~tactically~*~*~ (stealth).
 20188 | D:15     | 20188 ||| Stepping ~*~*~tactically~*~*~ (stealth).
 20193 | D:15     | 20193 ||| INVOKING Heroism.
 20372 | D:15     | 20372 ||| Stepping ~*~*~tactically~*~*~ (stealth).
 20376 | D:15     | 20376 ||| Stepping ~*~*~tactically~*~*~ (hiding).
 20401 | D:15     | Received a gift from Okawaru
 20467 | D:15     | 20467 ||| INVOKING Heroism.
 20468 | D:15     | 20468 ||| Stepping ~*~*~tactically~*~*~ (stealth).
 20472 | D:15     | 20472 ||| READING 4 scrolls of teleportation.
 20595 | D:15     | 20595 ||| Stepping ~*~*~tactically~*~*~ (stealth).
 20664 | D:15     | 20664 ||| INVOKING Heroism.
 21025 | D:15     | Found a portal to a secret trove of treasure.
 21151 | D:15     | 21151 ||| Stepping ~*~*~tactically~*~*~ (stealth).
 21153 | D:15     | 21153 ||| Stepping ~*~*~tactically~*~*~ (stealth).
 21273 | D:15     | Found a staircase to the Depths.
 21349 | D:15     | 21349 ||| PLANNING ORC
 21419 | Orc:1    | Entered Level 1 of the Orcish Mines
 21457 | Orc:1    | 21457 ||| Stepping ~*~*~tactically~*~*~ (hiding).
 21468 | Orc:1    | 21468 ||| Stepping ~*~*~tactically~*~*~ (hiding).
 21471 | Orc:1    | 21471 ||| INVOKING Heroism.
 21475 | Orc:1    | Noticed Erolcha
 21476 | Orc:1    | 21476 ||| Stepping ~*~*~tactically~*~*~ (hiding).
 21482 | Orc:1    | 21482 ||| Stepping ~*~*~tactically~*~*~ (stealth).
 21485 | Orc:1    | 21485 ||| Stepping ~*~*~tactically~*~*~ (stealth).
 21489 | Orc:1    | 21489 ||| Stepping ~*~*~tactically~*~*~ (stealth).
 21493 | Orc:1    | Killed Erolcha
 21542 | Orc:1    | 21542 ||| INVOKING Heroism.
 21542 | Orc:1    | Noticed Erica
 21543 | Orc:1    | 21543 ||| INVOKING Finesse.
 21553 | Orc:1    | Killed Erica
 21614 | Orc:1    | 21614 ||| INVOKING Heroism.
 21626 | Orc:1    | Noticed Maurice
 21641 | Orc:1    | Killed Maurice
 21690 | Orc:1    | 21690 ||| SWAPPING to +2 broad axe.
 21691 | Orc:1    | 21691 ||| DROPPING +0 broad axe.
 21883 | Orc:2    | Entered Level 2 of the Orcish Mines
 21884 | Orc:2    | 21884 ||| INVOKING Heroism.
 21885 | Orc:2    | 21885 ||| STAIRDANCE
 21904 | Orc:2    | 21904 ||| STAIRDANCE
 21915 | Orc:2    | 21915 ||| STAIRDANCE
 22016 | Orc:2    | 22016 ||| INVOKING Heroism.
 22033 | Orc:2    | 22033 ||| Stepping ~*~*~tactically~*~*~ (stealth).
 22034 | Orc:2    | 22034 ||| Stepping ~*~*~tactically~*~*~ (stealth).
 22081 | Orc:2    | 22081 ||| INVOKING Heroism.
 22086 | Orc:2    | 22086 ||| Stepping ~*~*~tactically~*~*~ (stealth).
 22087 | Orc:2    | 22087 ||| Stepping ~*~*~tactically~*~*~ (stealth).
 22088 | Orc:2    | 22088 ||| Stepping ~*~*~tactically~*~*~ (stealth).
 22089 | Orc:2    | 22089 ||| Stepping ~*~*~tactically~*~*~ (stealth).
 22090 | Orc:2    | 22090 ||| Stepping ~*~*~tactically~*~*~ (stealth).
 22108 | Orc:2    | 22108 ||| Stepping ~*~*~tactically~*~*~ (stealth).
 22135 | Orc:2    | 22135 ||| INVOKING Heroism.
 22201 | Orc:2    | 22201 ||| INVOKING Heroism.
 22272 | Orc:2    | 22272 ||| INVOKING Heroism.
 22360 | Orc:2    | 22360 ||| Stepping ~*~*~tactically~*~*~ (hiding).
 22364 | Orc:2    | 22364 ||| INVOKING Heroism.
 22515 | Orc:2    | Found Zymyheal's Distillery.
 22520 | Orc:2    | 22520 ||| BUYING 2 potions of cancellation (176 gold).
 22520 | Orc:2    | Bought 2 potions of cancellation for 176 gold pieces
 22520 | Orc:2    | 22520 ||| BUYING potion of curing (33 gold).
 22520 | Orc:2    | Bought a potion of curing for 33 gold pieces
 22520 | Orc:2    | 22520 ||| BUYING potion of curing (33 gold).
 22520 | Orc:2    | Bought a potion of curing for 33 gold pieces
 22520 | Orc:2    | 22520 ||| BUYING potion of curing (33 gold).
 22520 | Orc:2    | Bought a potion of curing for 33 gold pieces
 22520 | Orc:2    | 22520 ||| BUYING potion of haste (110 gold).
 22520 | Orc:2    | Bought a potion of haste for 110 gold pieces
 22520 | Orc:2    | 22520 ||| BUYING potion of heal wounds (55 gold).
 22520 | Orc:2    | Bought a potion of heal wounds for 55 gold pieces
 22520 | Orc:2    | 22520 ||| BUYING potion of lignification (33 gold).
 22520 | Orc:2    | Bought a potion of lignification for 33 gold pieces
 22520 | Orc:2    | 22520 ||| BUYING potion of might (44 gold).
 22520 | Orc:2    | Bought a potion of might for 44 gold pieces
 22526 | Orc:2    | Found Okufra's Assorted Antiques.
 22527 | Orc:2    | 22527 ||| INVOKING Heroism.
 22602 | Orc:2    | 22602 ||| BUYING faintly glowing plate armour (868 gold).
 22602 | Orc:2    | Bought a faintly glowing plate armour for 868 gold pieces
 22602 | Orc:2    | Identified the +4 plate armour of the Breadfruit {Rampage
                  | rPois SInv} (You bought it in a shop on level 2 of the
                  | Orcish Mines)
 22602 | Orc:2    | 22602 ||| SHOPLISTING scroll of blinking (232 gold, have
                  | 11).
 22687 | Orc:2    | 22687 ||| Stepping ~*~*~tactically~*~*~ (hiding).
 22816 | Orc:2    | Received a gift from Okawaru
 22883 | Orc:2    | 22883 ||| READING scroll of enchant weapon.
 22883 | Orc:2    | 22883 ||| ENCHANTING +2 broad axe.
 22928 | Orc:2    | 22928 ||| INVOKING Heroism.
 22971 | Orc:2    | 22971 ||| Stepping ~*~*~tactically~*~*~ (stealth).
 22974 | Orc:2    | 22974 ||| Stepping ~*~*~tactically~*~*~ (stealth).
 22979 | Orc:2    | 22979 ||| Stepping ~*~*~tactically~*~*~ (stealth).
 22984 | Orc:2    | 22984 ||| Stepping ~*~*~tactically~*~*~ (stealth).
 22997 | Orc:2    | 22997 ||| Stepping ~*~*~tactically~*~*~ (stealth).
 23318 | Orc:2    | Found a staircase to the Elven Halls.
 23375 | Orc:2    | 23375 ||| INVOKING Heroism.
 23492 | Orc:2    | 23492 ||| FLEEEEING.
 23500 | Orc:2    | 23500 ||| Stepping ~*~*~tactically~*~*~ (hiding).
 23605 | Orc:2    | 23605 ||| FLEEEEING.
 23606 | Orc:2    | 23606 ||| FLEEEEING.
 23607 | Orc:2    | 23607 ||| FLEEEEING.
 23608 | Orc:2    | 23608 ||| FLEEEEING.
 23620 | Orc:2    | 23620 ||| Stepping ~*~*~tactically~*~*~ (hiding).
 23673 | Orc:2    | 23673 ||| INVOKING Heroism.
 23679 | Orc:2    | 23679 ||| Stepping ~*~*~tactically~*~*~ (hiding).
 23687 | Orc:2    | Noticed an orc warlord
 23688 | Orc:2    | 23688 ||| INVOKING Finesse.
 23691 | Orc:2    | Gained mutation: You occasionally lose the ability to read
                  | scrolls when taking damage. [a neqoxec]
 23698 | Orc:2    | Reached XP level 16. HP: 100/101 MP: 17/23
 23713 | Orc:2    | Received a gift from Okawaru
 23722 | Orc:2    | 23722 ||| Stepping ~*~*~tactically~*~*~ (stealth).
 23723 | Orc:2    | 23723 ||| Stepping ~*~*~tactically~*~*~ (stealth).
 23724 | Orc:2    | 23724 ||| Stepping ~*~*~tactically~*~*~ (stealth).
 23725 | Orc:2    | 23725 ||| Stepping ~*~*~tactically~*~*~ (stealth).
 23804 | Orc:2    | 23804 ||| DRINKING 4 potions of mutation.
 23804 | Orc:2    | Lost mutation: You occasionally lose the ability to read
                  | scrolls when taking damage. [potion of mutation]
 23804 | Orc:2    | Gained mutation: Your muscles are strong. (Str +4, Int/Dex
                  | -1) [potion of mutation]
 23804 | Orc:2    | Lost mutation: Your muscles are strong. (Str +4, Int/Dex
                  | -1) [potion of mutation]
 23860 | Orc:2    | 23860 ||| Stepping ~*~*~tactically~*~*~ (stealth).
 23862 | Orc:2    | 23862 ||| INVOKING Heroism.
 23865 | Orc:2    | Found Oxtoroyf's Armour Shoppe.
 23995 | Orc:2    | 23995 ||| Stepping ~*~*~tactically~*~*~ (hiding).
 23997 | Orc:2    | 23997 ||| Stepping ~*~*~tactically~*~*~ (hiding).
 23998 | Orc:2    | 23998 ||| Stepping ~*~*~tactically~*~*~ (hiding).
 24112 | Orc:2    | 24112 ||| Stepping ~*~*~tactically~*~*~ (stealth).
 24116 | Orc:2    | 24116 ||| Stepping ~*~*~tactically~*~*~ (stealth).
 24120 | Orc:2    | 24120 ||| Stepping ~*~*~tactically~*~*~ (stealth).
 24122 | Orc:2    | 24122 ||| Stepping ~*~*~tactically~*~*~ (hiding).
 24139 | Orc:2    | 24139 ||| Stepping ~*~*~tactically~*~*~ (stealth).
 24150 | Orc:2    | 24150 ||| INVOKING Heroism.
 24152 | Orc:2    | Found Esuahapn's Distillery.
 24237 | Orc:2    | 24237 ||| SHOPLISTING 2 potions of cancellation (192 gold,
                  | have 62).
 24237 | Orc:2    | 24237 ||| SHOPLISTING 2 potions of haste (240 gold, have
                  | 62).
 24237 | Orc:2    | 24237 ||| BUYING potion of curing (36 gold).
 24237 | Orc:2    | Bought a potion of curing for 36 gold pieces
 24237 | Orc:2    | 24237 ||| SHOPLISTING potion of haste (120 gold, have 26).
 24237 | Orc:2    | 24237 ||| SHOPLISTING potion of mutation (96 gold, have
                  | 26).
 24237 | Orc:2    | 24237 ||| SHOPLISTING potion of resistance (120 gold, have
                  | 26).
 24255 | Orc:2    | 24255 ||| INVOKING Heroism.
 24269 | Orc:2    | 24269 ||| INVOKING Heroism.
 24450 | Orc:2    | 24450 ||| INVOKING Heroism.
 24602 | Orc:2    | 24602 ||| PLANNING SHOALS:1-3
 24602 | Orc:2    | 24602 ||| UPGRADING to +4 plate armour of the Breadfruit
                  | {Rampage rPois SInv}.
 24612 | Orc:2    | 24612 ||| REMOVING ring of see invisible.
 24613 | Orc:2    | 24613 ||| DROPPING +3 plate armour of positive energy.
 24614 | Orc:2    | 24614 ||| UPGRADING to ring of positive energy.
 24615 | Orc:2    | 24615 ||| UPGRADING to ring of willpower.
 24755 | Shoals:1 | Entered Level 1 of the Shoals
 24769 | Shoals:1 | 24769 ||| Stepping ~*~*~tactically~*~*~ (hiding).
 24770 | Shoals:1 | 24770 ||| Stepping ~*~*~tactically~*~*~ (hiding).
 24774 | Shoals:1 | 24774 ||| INVOKING Heroism.
 24806 | Shoals:1 | 24806 ||| Stepping ~*~*~tactically~*~*~ (hiding).
 24811 | Shoals:1 | 24811 ||| INVOKING Finesse.
 24820 | Shoals:1 | 24820 ||| INVOKING Heroism.
 24828 | Shoals:1 | HP: 23/104 [merfolk aquamancer/shard of ice (4)]
 24829 | Shoals:1 | 24829 ||| READING 4 scrolls of teleportation.
 24830 | Shoals:1 | 24830 ||| DRINKING 5 potions of heal wounds.
 24867 | Shoals:1 | 24867 ||| INVOKING Heroism.
 24908 | Shoals:1 | 24908 ||| INVOKING Heroism.
 24928 | Shoals:1 | 24928 ||| Stepping ~*~*~tactically~*~*~ (hiding).
 24929 | Shoals:1 | 24929 ||| Stepping ~*~*~tactically~*~*~ (hiding).
 25122 | Shoals:1 | 25122 ||| Stepping ~*~*~tactically~*~*~ (hiding).
 25167 | Shoals:1 | 25167 ||| INVOKING Heroism.
 25177 | Shoals:1 | Reached skill level 12 in Armour
 25305 | Shoals:1 | Found a runed translucent gate.
 25306 | Shoals:1 | Found a runed translucent gate.
 25307 | Shoals:1 | Found a runed translucent gate.
 25308 | Shoals:1 | Noticed Amuaxidi's ghost (adept FoCK)
 25309 | Shoals:1 | Noticed Meoqees's ghost (adept MiFi)
 25310 | Shoals:1 | Noticed Woutahasch's ghost (journeyman HOFi)
 25345 | Shoals:1 | 25345 ||| Stepping ~*~*~tactically~*~*~ (hiding).
 25346 | Shoals:1 | 25346 ||| Stepping ~*~*~tactically~*~*~ (hiding).
 25348 | Shoals:1 | 25348 ||| INVOKING Heroism.
 25362 | Shoals:1 | 25362 ||| INVOKING Heroism.
 25413 | Shoals:1 | 25413 ||| INVOKING Heroism.
 25436 | Shoals:1 | 25436 ||| Stepping ~*~*~tactically~*~*~ (stealth).
 25455 | Shoals:1 | HP: 24/104 [cyclops (15)]
 25456 | Shoals:1 | 25456 ||| READING 4 scrolls of teleportation.
 25457 | Shoals:1 | 25457 ||| DRINKING 4 potions of heal wounds.
 25830 | Shoals:1 | Reached skill level 6 in Throwing
 25867 | Shoals:1 | 25867 ||| Stepping ~*~*~tactically~*~*~ (hiding).
 25868 | Shoals:1 | 25868 ||| Stepping ~*~*~tactically~*~*~ (hiding).
 25869 | Shoals:1 | 25869 ||| Stepping ~*~*~tactically~*~*~ (hiding).
 25877 | Shoals:1 | 25877 ||| INVOKING Heroism.
 26323 | Shoals:1 | 26323 ||| DROPPING amulet of regeneration.
 26329 | Shoals:2 | Noticed a kraken
 26329 | Shoals:2 | Noticed a kraken
 26329 | Shoals:2 | Noticed a kraken
 26329 | Shoals:2 | Noticed a kraken
 26330 | Shoals:2 | 26330 ||| INVOKING Heroism.
 26355 | Shoals:2 | 26355 ||| STAIRDANCE
 26355 | Shoals:2 | HP: 21/104 [tentacle[a kraken] (14)]
 26666 | Shoals:2 | 26666 ||| STAIRDANCE
 26824 | Shoals:2 | 26824 ||| INVOKING Heroism.
 26835 | Shoals:2 | 26835 ||| STAIRDANCE
 27058 | Shoals:2 | 27058 ||| STAIRDANCE
 27143 | Shoals:2 | 27143 ||| INVOKING Heroism.
 27146 | Shoals:2 | 27146 ||| STAIRDANCE
 27409 | Shoals:2 | 27409 ||| STAIRDANCE
 27567 | Shoals:2 | 27567 ||| STAIRDANCE
 27740 | Shoals:2 | 27740 ||| STAIRDANCE
 27980 | Shoals:2 | 27980 ||| STAIRDANCE
 28201 | Shoals:2 | 28201 ||| STAIRDANCE
 28363 | Shoals:2 | 28363 ||| STAIRDANCE
 28458 | Shoals:2 | 28458 ||| STAIRDANCE
 28605 | Shoals:2 | 28605 ||| INVOKING Heroism.
 28624 | Shoals:2 | 28624 ||| STAIRDANCE
 28820 | Shoals:2 | 28820 ||| INVOKING Heroism.
 28826 | Shoals:2 | 28826 ||| STAIRDANCE
 28826 | Shoals:2 | HP: 24/104 [tentacle[a kraken] (11)]
 28826 | Shoals:2 | HP: 9/104 [tentacle[a kraken] (15)]
 29183 | Shoals:2 | 29183 ||| STAIRDANCE
 29330 | Shoals:2 | 29330 ||| STAIRDANCE
 29330 | Shoals:2 | HP: 17/104 [tentacle[a kraken] (12)]
 29658 | Shoals:2 | 29658 ||| STAIRDANCE
 29813 | Shoals:2 | 29813 ||| STAIRDANCE
 29934 | Shoals:2 | 29934 ||| STAIRDANCE
 30048 | Shoals:2 | 30048 ||| STAIRDANCE
 30173 | Shoals:2 | 30173 ||| INVOKING Heroism.
 30178 | Shoals:2 | HP: 26/104 [tentacle[a kraken] (11)]
 30179 | Shoals:2 | 30179 ||| READING 3 scrolls of teleportation.
 30180 | Shoals:2 | 30180 ||| DRINKING 3 potions of heal wounds.
 30183 | Shoals:2 | 30183 ||| Stepping ~*~*~tactically~*~*~ (hiding).
 30184 | Shoals:2 | 30184 ||| Stepping ~*~*~tactically~*~*~ (hiding).
 30466 | Shoals:2 | Identified the +1 robe of Ethics {rF+ Int+2}
 30490 | Shoals:2 | 30490 ||| Stepping ~*~*~tactically~*~*~ (hiding).
 30491 | Shoals:2 | 30491 ||| Stepping ~*~*~tactically~*~*~ (hiding).
 30492 | Shoals:2 | 30492 ||| INVOKING Heroism.
 30538 | Shoals:2 | 30538 ||| Stepping ~*~*~tactically~*~*~ (hiding).
 30612 | Shoals:2 | 30612 ||| INVOKING Heroism.
 30728 | Shoals:2 | 30728 ||| INVOKING Heroism.
 30983 | Shoals:2 | 30983 ||| INVOKING Heroism.
 31000 | Shoals:2 | HP: 19/104 [merfolk/+0 trident[a merfolk impaler] (18)]
 31001 | Shoals:2 | 31001 ||| READING 2 scrolls of teleportation.
 31002 | Shoals:2 | 31002 ||| DRINKING 3 potions of heal wounds.
 31007 | Shoals:2 | HP: 25/104 [water nymph/the raging water (8)]
 31008 | Shoals:2 | 31008 ||| READING scroll of teleportation.
 31009 | Shoals:2 | 31009 ||| DRINKING 2 potions of heal wounds.
 31230 | Shoals:2 | 31230 ||| INVOKING Heroism.
 31434 | Shoals:2 | 31434 ||| INVOKING Heroism.
 31454 | Shoals:2 | Killed a kraken
 31457 | Shoals:2 | Killed a kraken
 31637 | Shoals:2 | 31637 ||| READING scroll of enchant armour.
 31637 | Shoals:2 | 31637 ||| ENCHANTING +1 pair of boots.
 31643 | Shoals:2 | 31643 ||| INVOKING Heroism.
 31654 | Shoals:2 | Killed a kraken
 31798 | Shoals:2 | 31798 ||| INVOKING Heroism.
 31812 | Shoals:2 | Killed a kraken
 31876 | Shoals:2 | 31876 ||| Stepping ~*~*~tactically~*~*~ (hiding).
 32153 | Shoals:2 | 32153 ||| INVOKING Heroism.
 32160 | Shoals:2 | Reached skill level 18 in Axes
 32283 | Shoals:3 | 32283 ||| INVOKING Heroism.
 32291 | Shoals:3 | 32291 ||| FLEEEEING.
 32292 | Shoals:3 | 32292 ||| STAIRDANCE
 32501 | Shoals:3 | 32501 ||| INVOKING Heroism.
 32517 | Shoals:3 | HP: 25/104 [merfolk/+0 spear[a merfolk impaler] (8)]
 32518 | Shoals:3 | 32518 ||| READING scroll of teleportation.
 32519 | Shoals:3 | 32519 ||| DRINKING potion of heal wounds.
 32661 | Shoals:3 | 32661 ||| INVOKING Heroism.
 32679 | Shoals:3 | 32679 ||| INVOKING Heroism.
 32682 | Shoals:3 | Received a gift from Okawaru
 32774 | Shoals:3 | 32774 ||| INVOKING Heroism.
 32972 | Shoals:3 | 32972 ||| Stepping ~*~*~tactically~*~*~ (hiding).
 32973 | Shoals:3 | 32973 ||| Stepping ~*~*~tactically~*~*~ (hiding).
 32975 | Shoals:3 | 32975 ||| Stepping ~*~*~tactically~*~*~ (stealth).
 33022 | Shoals:3 | 33022 ||| Stepping ~*~*~tactically~*~*~ (hiding).
 33132 | Shoals:3 | 33132 ||| READING scroll of brand weapon.
 33132 | Shoals:3 | 33132 ||| BRANDING +3 broad axe.
 33175 | Shoals:3 | 33175 ||| INVOKING Heroism.
 33323 | Shoals:3 | 33323 ||| Stepping ~*~*~tactically~*~*~ (hiding).
 33324 | Shoals:3 | 33324 ||| Stepping ~*~*~tactically~*~*~ (hiding).
 33338 | Shoals:3 | 33338 ||| INVOKING Heroism.
 33544 | Shoals:3 | Found Lusmamai's Jewellery Shop.
 33557 | Shoals:3 | 33557 ||| SHOPLISTING +4 ring of evasion (612 gold, have
                  | 315).
 33557 | Shoals:3 | 33557 ||| SHOPLISTING +4 ring of protection (612 gold, have
                  | 315).
 33557 | Shoals:3 | 33557 ||| SHOPLISTING +4 ring of slaying (1326 gold, have
                  | 315).
 33557 | Shoals:3 | 33557 ||| SHOPLISTING +6 ring of dexterity (612 gold, have
                  | 315).
 33557 | Shoals:3 | 33557 ||| SHOPLISTING +6 ring of strength (612 gold, have
                  | 315).
 33557 | Shoals:3 | 33557 ||| SHOPLISTING amulet of reflection (510 gold, have
                  | 315).
 33688 | Shoals:3 | 33688 ||| PLANNING SNAKE:1-3
 33759 | Snake:1  | Entered Level 1 of the Snake Pit
 33759 | Snake:1  | Noticed Louise
 33760 | Snake:1  | 33760 ||| INVOKING Heroism.
 33763 | Snake:1  | 33763 ||| Stepping ~*~*~tactically~*~*~ (hiding).
 33781 | Snake:1  | Killed Louise
 33784 | Snake:1  | 33784 ||| DROPPING +0 morningstar.
 33860 | Snake:1  | 33860 ||| Stepping ~*~*~tactically~*~*~ (stealth).
 33866 | Snake:1  | 33866 ||| Stepping ~*~*~tactically~*~*~ (stealth).
 33891 | Snake:1  | Found Xasixi's Tremendous Tomes.
 34090 | Snake:1  | 34090 ||| INVOKING Heroism.
 34101 | Snake:1  | Reached XP level 17. HP: 102/109 MP: 22/24
 34166 | Snake:1  | Found Gohues's Antique Weapon Shop.
 34166 | Snake:1  | Found Qaemeli's General Store.
 34167 | Snake:1  | Found Vulilu's Distillery.
 34169 | Snake:1  | Found Izioty's Weapon Boutique.
 34177 | Snake:1  | 34177 ||| BUYING 2 potions of cancellation (208 gold).
 34177 | Snake:1  | Bought 2 potions of cancellation for 208 gold pieces
 34177 | Snake:1  | 34177 ||| BUYING potion of lignification (39 gold).
 34177 | Snake:1  | Bought a potion of lignification for 39 gold pieces
 34177 | Snake:1  | 34177 ||| BUYING potion of magic (104 gold).
 34177 | Snake:1  | Bought a potion of magic for 104 gold pieces
 34177 | Snake:1  | 34177 ||| BUYING potion of might (52 gold).
 34177 | Snake:1  | Bought a potion of might for 52 gold pieces
 34177 | Snake:1  | 34177 ||| SHOPLISTING potion of might (52 gold, have 11).
 34180 | Snake:1  | 34180 ||| SHOPLISTING potion of mutation (136 gold, have
                  | 11).
 34193 | Snake:1  | 34193 ||| Stepping ~*~*~tactically~*~*~ (hiding).
 34375 | Snake:1  | 34375 ||| UPGRADING to +0 tower shield.
 34385 | Snake:1  | 34385 ||| DROPPING +0 kite shield.
 34436 | Snake:2  | 34436 ||| INVOKING Heroism.
 34437 | Snake:2  | 34437 ||| Stepping ~*~*~tactically~*~*~ (hiding).
 34445 | Snake:2  | Received a gift from Okawaru
 34485 | Snake:2  | 34485 ||| Stepping ~*~*~tactically~*~*~ (hiding).
 34486 | Snake:2  | 34486 ||| Stepping ~*~*~tactically~*~*~ (hiding).
 34497 | Snake:2  | 34497 ||| Stepping ~*~*~tactically~*~*~ (hiding).
 34508 | Snake:2  | 34508 ||| INVOKING Heroism.
 34527 | Snake:2  | Received a gift from Okawaru
 34857 | Snake:2  | 34857 ||| INVOKING Heroism.
 34859 | Snake:2  | 34859 ||| Stepping ~*~*~tactically~*~*~ (hiding).
 34894 | Snake:2  | 34894 ||| Stepping ~*~*~tactically~*~*~ (hiding).
 34918 | Snake:2  | 34918 ||| Stepping ~*~*~tactically~*~*~ (hiding).
 35042 | Snake:2  | 35042 ||| Stepping ~*~*~tactically~*~*~ (hiding).
 35393 | Snake:3  | 35393 ||| INVOKING Heroism.
 35401 | Snake:3  | 35401 ||| STAIRDANCE
 35406 | Snake:2  | Reached skill level 15 in Shields
 35434 | Snake:3  | 35434 ||| INVOKING Heroism.
 35620 | Snake:3  | 35620 ||| INVOKING Heroism.
 35640 | Snake:3  | 35640 ||| Stepping ~*~*~tactically~*~*~ (hiding).
 35643 | Snake:3  | 35643 ||| Stepping ~*~*~tactically~*~*~ (hiding).
 35803 | Snake:3  | 35803 ||| INVOKING Heroism.
 35942 | Snake:3  | 35942 ||| Stepping ~*~*~tactically~*~*~ (hiding).
 35952 | Snake:3  | 35952 ||| INVOKING Heroism.
 35956 | Snake:3  | Identified the +1 ring mail of Okawaru's Envy {Int+9}
                  | (Okawaru gifted it to you on level 3 of the Snake Pit)
 35956 | Snake:3  | Received a gift from Okawaru
 35964 | Snake:3  | 35964 ||| Stepping ~*~*~tactically~*~*~ (hiding).
 36031 | Snake:3  | 36031 ||| INVOKING Heroism.
 36173 | Snake:3  | 36173 ||| INVOKING Heroism.
 36251 | Snake:3  | 36251 ||| Stepping ~*~*~tactically~*~*~ (hiding).
 36253 | Snake:3  | 36253 ||| Stepping ~*~*~tactically~*~*~ (hiding).
 36271 | Snake:3  | 36271 ||| INVOKING Heroism.
 36355 | Snake:3  | 36355 ||| Stepping ~*~*~tactically~*~*~ (hiding).
 36356 | Snake:3  | 36356 ||| Stepping ~*~*~tactically~*~*~ (hiding).
 36359 | Snake:3  | 36359 ||| Stepping ~*~*~tactically~*~*~ (hiding).
 36360 | Snake:3  | 36360 ||| Stepping ~*~*~tactically~*~*~ (hiding).
 36369 | Snake:3  | 36369 ||| INVOKING Heroism.
 36380 | Snake:3  | 36380 ||| Stepping ~*~*~tactically~*~*~ (hiding).
 36389 | Snake:3  | 36389 ||| Stepping ~*~*~tactically~*~*~ (hiding).
 36490 | Snake:3  | Found a bloodstained altar of Trog.
 36491 | Snake:3  | Noticed qw's ghost (adept TrCA)
 36518 | Snake:3  | Found a transporter.
 36523 | Snake:3  | Found a transporter.
 36597 | Snake:3  | 36597 ||| Stepping ~*~*~tactically~*~*~ (hiding).
 36600 | Snake:3  | 36600 ||| INVOKING Heroism.
 36976 | Snake:3  | 36976 ||| DROPPING +1 pair of boots.
 37008 | Snake:4  | Entered Level 4 of the Snake Pit
 37042 | Snake:4  | 37042 ||| INVOKING Heroism.
 37114 | Snake:4  | 37114 ||| Stepping ~*~*~tactically~*~*~ (hiding).
 37119 | Snake:4  | 37119 ||| Stepping ~*~*~tactically~*~*~ (hiding).
 37123 | Snake:4  | 37123 ||| INVOKING Heroism.
 37185 | Snake:4  | 37185 ||| Stepping ~*~*~tactically~*~*~ (hiding).
 37194 | Snake:4  | 37194 ||| INVOKING Heroism.
 37199 | Snake:4  | 37199 ||| Stepping ~*~*~tactically~*~*~ (hiding).
 37218 | Snake:4  | Reached XP level 18. HP: 102/116 MP: 25/25
 37265 | Snake:4  | 37265 ||| DROPPING +2 eveningstar of flaming.
 37290 | Snake:4  | 37290 ||| INVOKING Heroism.
 37322 | Snake:4  | 37322 ||| Stepping ~*~*~tactically~*~*~ (hiding).
 37331 | Snake:4  | 37331 ||| Stepping ~*~*~tactically~*~*~ (hiding).
 37344 | Snake:4  | Reached skill level 18 in Shields
 37351 | Snake:4  | 37351 ||| INVOKING Heroism.
 37660 | Snake:4  | 37660 ||| INVOKING Heroism.
 37822 | Snake:4  | 37822 ||| Stepping ~*~*~tactically~*~*~ (stealth).
 37827 | Snake:4  | 37827 ||| INVOKING Heroism.
 37833 | Snake:4  | Received a gift from Okawaru
 37845 | Snake:4  | HP: 26/116 [constriction (5)]
 37846 | Snake:4  | 37846 ||| READING scroll of teleportation.
 37847 | Snake:4  | 37847 ||| DRINKING 3 potions of heal wounds.
 37848 | Snake:4  | 37848 ||| DRINKING 2 potions of heal wounds.
 37848 | Snake:4  | HP: 12/116 [constriction (2)]
 37848 | Snake:4  | Shot with an arrow by a naga sharpshooter

Levels and vault maps discovered:
D:1:      dpeg_arrival_rooms_a, layout_rooms, serial_forest,
          infiniplex_forest_clump_small, infiniplex_forest_lined_1,
          infiniplex_forest_end_1, infiniplex_forest_end_3,
          chequers_ecumenical_altar_island, roderic_three_in_a_row
D:2:      layout_basic
D:3:      layout_loops_ring, uniq_terence
D:4:      layout_rooms, minmay_temple_entry_slanted, serial_shops,
          nicolae_stop_n_shop_1
D:5:      layout_rooms, cheibrodos_sewer_entry_drain, kennysheep_pointless_box,
          nicolae_figureground_pulse
D:6:      layout_gridville, mainiacjoe_overflow_catwalk
D:7:      layout_basic
D:8:      layout_rooms, mainiacjoe_overflow_alcove_3,
          nicolae_ru_sacrificial_ziggurat, ebering_ghost_rock_garden
D:9:      layout_irregular_city, minmay_lair_entry_grove,
          nicolae_take_the_stairs
D:10:     layout_roguey, lemuel_doored_altar, tgw_xom, kennysheep_slug_shrine,
          orc_0_dummy, enter_bailey_5, uniq_nergalle
D:11:     layout_layer_cave, chequers_serial_rivers_room_a
D:12:     layout_irregular_city
D:13:     layout_rooms
D:14:     minmay_octagon_keep, layout_basic, david_vaults_5, serial_shops,
          shop_statue, minivault_19, dreamdust_looks_like_rain
D:15:     gammafunk_enter_depths_forms, layout_irregular_city, enter_trove_6,
          minmay_misc_feat_cross
Temple:   compressed_dpeg_triangle_lava_temple
Lair:1:   layout_loops_ring, grunt_megastairs_2
Lair:2:   layout_loops_ring, minmay_shoals_entry_centaurs,
          minmay_snake_entry_six_corridors, serial_bayou_shore_a
Lair:3:   layout_regular_city, infiniplex_staircase_pool, lemuel_fruit_fields,
          uniq_sonja
Lair:4:   layout_loops_ring, basic_altar, uniq_josephine, uniq_rupert,
          uniq_nessos
Lair:5:   grunt_lair_end_beastmaster, layout_misc_corridors, slime_entry_1,
          gammafunk_ghost_hydra_chop, portal_ice_cave_entry_ice_simulacra,
          minivault_27, st_stairs_5
Shoals:1: layout_shoals, gammafunk_ghost_cemetery, nicolae_shoals_water_booths
Shoals:2: layout_shoals, nicolae_shoals_kraken_party
Shoals:3: layout_shoals, minmay_shop_enchanted_jewellery
Snake:1:  layout_misc_corridors, nicolae_shop_i_like_big_books,
          minmay_shoptagon, uniq_louise
Snake:2:  layout_misc_corridors
Snake:3:  layout_cave_town, gammafunk_ghost_wrathful_warriors,
          nicolae_snake_omega, grunt_megastairs_3
Snake:4:  grunt_snake_rune_serpentine_throne, layout_basic
Orc:1:    layout_caves, uniq_maurice, uniq_erica, uniq_erolcha
Orc:2:    pubby_orc_utopia

Skill      XL: |  1  2  3  4  5  6  7  8  9 10 11 12 13 14 15 16 17 18 |
---------------+-------------------------------------------------------+-----
Axes           | 2 3 4 5 6 7 8 9 10 12 13 15 17 18 | 18.0
Throwing       | 1 2 3 5 7 8 |  8.0
Fighting       | 4 5 7 8 9 10 12 13 14 | 14.0
Armour         | 4 5 6 7 9 10 11 12 | 12.4
Dodging        | 1 2 3 4 |  4.0
Invocations    | 1 4 6 10 | 10.0
Shields        | 5 9 10 11 12 13 17 18 | 18.0

Action                   |  1- 3 |  4- 6 |  7- 9 | 10-12 | 13-15 | 16-18 || total
-------------------------+-------+-------+-------+-------+-------+-------++-------
Melee: War axe           |    71 |    46 |   195 |   353 |   458 |       ||  1123
       Flail             |       |       |       |    13 |    36 |       ||    49
       Morningstar       |       |       |       |       |     4 |       ||     4
       Broad axe         |       |       |       |       |   495 |  1023 ||  1518
Throw: Boomerang         |    13 |    24 |    34 |    28 |   150 |    34 ||   283
       Javelin           |     4 |    17 |    26 |    39 |    32 |    19 ||   137
Invok: Heroism           |       |       |    11 |    24 |    45 |    58 ||   138
       Finesse           |       |       |       |     6 |    10 |     1 ||    17
  Use: Scroll            |     7 |     3 |     9 |     7 |     8 |     9 ||    43
       Potion            |     1 |     1 |     5 |       |     1 |     9 ||    17
 Stab: Distracted        |       |       |       |       |       |     1 ||     1
Armor: Scale mail        |    25 |       |       |       |       |       ||    25
       Ring mail         |       |    17 |       |       |       |       ||    17
       Plate armour      |       |     4 |   115 |   183 |   461 |   676 ||  1439
Dodge: Dodged            |    19 |    21 |    82 |   108 |   233 |   369 ||   832
Block: Buckler           |    18 |     5 |    39 |       |       |       ||    62
       Kite shield       |       |       |     9 |   191 |   490 |   452 ||  1142
       Tower shield      |       |       |       |       |       |   416 ||   416

Table legend:
 A = Non-vault XP
 B = Vault XP
 C = Vault XP percentage of total XP
 D = Non-vault monster count
 E = Vault monster count
 F = Vault count percentage of total count
                 A         B        C        D         E       F
            +---------+---------+-------+---------+---------+-------
      Total |  175714 |   90317 |  33.9 |     621 |     319 |  33.9
            +---------+---------+-------+---------+---------+-------
        D:1 |      26 |       0 |   0.0 |      19 |       0 |   0.0
        D:2 |      32 |       0 |   0.0 |       9 |       0 |   0.0
        D:3 |     155 |      36 |  18.8 |       8 |       1 |  11.1
        D:4 |     334 |       1 |   0.3 |      21 |       1 |   4.5
        D:5 |     456 |       6 |   1.3 |      14 |       2 |  12.5
        D:6 |     463 |       0 |   0.0 |      11 |       0 |   0.0
        D:7 |    1157 |       0 |   0.0 |      29 |       0 |   0.0
        D:8 |    1785 |       0 |   0.0 |      19 |       0 |   0.0
        D:9 |    2956 |    2352 |  44.3 |      22 |      13 |  37.1
       D:10 |     759 |    1089 |  58.9 |      13 |      13 |  50.0
       D:11 |    4254 |       0 |   0.0 |      25 |       0 |   0.0
       D:12 |    4067 |       0 |   0.0 |      15 |       0 |   0.0
       D:13 |    4571 |       0 |   0.0 |      11 |       0 |   0.0
       D:14 |    8098 |    8499 |  51.2 |      14 |      19 |  57.6
       D:15 |   12184 |    3996 |  24.7 |      24 |       6 |  20.0
     Lair:1 |    2776 |     670 |  19.4 |      13 |       3 |  18.8
     Lair:2 |    1900 |    2147 |  53.1 |      11 |      11 |  50.0
     Lair:3 |   10463 |     925 |   8.1 |      32 |       2 |   5.9
     Lair:4 |    7865 |    4587 |  36.8 |      31 |       7 |  18.4
     Lair:5 |    9230 |   10892 |  54.1 |      26 |      22 |  45.8
   Shoals:1 |   11696 |    4092 |  25.9 |      24 |       6 |  20.0
   Shoals:2 |    9320 |    6179 |  39.9 |      21 |       4 |  16.0
   Shoals:3 |    9846 |       0 |   0.0 |      20 |       0 |   0.0
    Snake:1 |    8114 |    1256 |  13.4 |      17 |       1 |   5.6
    Snake:2 |   13904 |     695 |   4.8 |      29 |       2 |   6.5
    Snake:3 |   24745 |   10386 |  29.6 |      58 |      18 |  23.7
    Snake:4 |   20732 |   10048 |  32.6 |      38 |      17 |  30.9
      Orc:1 |    3826 |    2707 |  41.4 |      47 |      14 |  23.0
      Orc:2 |       0 |   19668 | 100.0 |       0 |     136 | 100.0
      Sewer |       0 |      86 | 100.0 |       0 |      21 | 100.0
            +---------+---------+-------+---------+---------+-------
